| TOP OF THE 1ST |
|
Burlington Bees batting - Pitching for Hickory Crawdads : LHP Zachary DeVault
|
|
Pitching: LHP Zachary DeVault
|
|
|
Batting: RHB Khalil Thurston
|
0-0: Ball 1-0: Ball 2-0: Called Strike 2-1: Swinging Strike 2-2: Strikes out looking
|
|
Batting: RHB Nick Lombardo
|
0-0: Fly out, F8 (Flyball, 8LM, EV 94.4 MPH)
|
|
Batting: LHB Dave Hicks
|
0-0: Ball 1-0: Ball 2-0: Ball 3-0: SINGLE (Flyball, 56D, EV 86.2 MPH)
|
|
Batting: LHB Mutsuo IIda
|
0-0: SINGLE (Flyball, 8RS, EV 85.0 MPH) Dave Hicks to second
|
|
Batting: RHB Peter Westover
|
0-0: Called Strike 0-1: Foul Ball, location: 2F 0-2: Ball 1-2: Foul Ball, location: 2F 1-2: Strikes out looking
|
| Top of the 1st over - 0 runs, 2 hits, 0 errors, 2 left on base; Burlington 0 - Hickory 0 |
| BOTTOM OF THE 1ST |
|
Hickory Crawdads batting - Pitching for Burlington Bees : RHP Jon Trujillo
|
|
Pitching: RHP Jon Trujillo
|
|
|
Batting: RHB Aaron Moore
|
0-0: Ball 1-0: Called Strike 1-1: Foul Ball, location: 2F 1-2: Ground out U3 (Groundball, 34, EV 105.0 MPH)
|
|
Batting: RHB Jarrod Joyce
|
0-0: Ball 1-0: Foul Ball, location: 2F 1-1: Foul Ball, location: 2F 1-2: Ground out 4-3 (Groundball, 4, EV 85.0 MPH)
|
|
Batting: LHB Tim Olsen
|
0-0: Ball 1-0: Ball 2-0: Ball 3-0: Called Strike 3-1: Foul Ball, location: 2F 3-2: Ground out U3 (Groundball, 34, EV 104.4 MPH)
|
| Bottom of the 1st over - 0 runs, 0 hits, 0 errors, 0 left on base; Burlington 0 - Hickory 0 |
| TOP OF THE 2ND |
|
Burlington Bees batting - Pitching for Hickory Crawdads : LHP Zachary DeVault
|
|
Batting: RHB Ricky Mejicanos
|
0-0: Swinging Strike 0-1: Ball 1-1: Fly out, F8 (Flyball, 8LD, EV 106.9 MPH)
|
|
Batting: RHB Timoleon Tsikouna
|
0-0: Called Strike 0-1: Foul Ball, location: 2F 0-2: Ball 1-2: Foul Ball, location: 2F 1-2: Ball 2-2: Foul Ball, location: 2F 2-2: Ball 3-2: Base on Balls
|
|
Batting: RHB Dean LeCroy
|
0-0: Ball 1-0: Foul Ball, location: 2F 1-1: Fly out, F7 (Flyball, 7LS, EV 83.8 MPH)
|
|
Batting: RHB Wilford Harper
|
0-0: Ball Timoleon Tsikouna steals 2nd base 1-0: Fly out, F8 (Flyball, 78D, EV 97.5 MPH)
|
| Top of the 2nd over - 0 runs, 0 hits, 0 errors, 1 left on base; Burlington 0 - Hickory 0 |
| BOTTOM OF THE 2ND |
|
Hickory Crawdads batting - Pitching for Burlington Bees : RHP Jon Trujillo
|
|
Batting: SHB Todd Hewitt
|
0-0: Ball 1-0: Foul Ball, location: 2F 1-1: Ball 2-1: Ball 3-1: Foul Ball, location: 2F 3-2: Base on Balls
|
|
Batting: LHB Brian Gray
|
0-0: Ball Todd Hewitt is caught stealing 2nd base 2-6 1-0: Foul Ball, location: 2F 1-1: Swinging Strike 1-2: Ball 2-2: Strikes out swinging, 2-3 out at first.
|
|
Batting: SHB Reagan Dudley
|
0-0: Foul Ball, location: 2F 0-1: Ball 1-1: Foul Ball, location: 2F 1-2: Strikes out looking
|
| Bottom of the 2nd over - 0 runs, 0 hits, 0 errors, 0 left on base; Burlington 0 - Hickory 0 |
| TOP OF THE 3RD |
|
Burlington Bees batting - Pitching for Hickory Crawdads : LHP Zachary DeVault
|
|
Batting: RHB Khalil Thurston
|
0-0: Ball 1-0: Ball 2-0: Swinging Strike 2-1: Ball 3-1: Foul Ball, location: 2F 3-2: Foul Ball, location: 2F 3-2: Fly out, F9 (Line Drive, 9, EV 93.8 MPH)
|
|
Batting: RHB Nick Lombardo
|
0-0: Ball 1-0: Foul Ball, location: 2F 1-1: Swinging Strike 1-2: Ball 2-2: Ground out 6-3 (Groundball, 6, EV 85.6 MPH)
|
|
Batting: LHB Dave Hicks
|
0-0: Ground out 6-3 (Groundball, 6, EV 105.0 MPH)
|
| Top of the 3rd over - 0 runs, 0 hits, 0 errors, 0 left on base; Burlington 0 - Hickory 0 |
| BOTTOM OF THE 3RD |
|
Hickory Crawdads batting - Pitching for Burlington Bees : RHP Jon Trujillo
|
|
Batting: SHB Quido van Erp
|
0-0: Called Strike 0-1: Ball 1-1: Foul Ball, location: 2F 1-2: Strikes out swinging
|
|
Batting: LHB Caleb Domino
|
0-0: Foul Ball, location: 2F 0-1: Swinging Strike 0-2: Ball 1-2: Ball 2-2: Foul Ball, location: 2F 2-2: Ball 3-2: Strikes out swinging
|
|
Batting: RHB Dave Brabo
|
0-0: Ground out 1-3 (Groundball, 34S, EV 63.1 MPH)
|
| Bottom of the 3rd over - 0 runs, 0 hits, 0 errors, 0 left on base; Burlington 0 - Hickory 0 |
| TOP OF THE 4TH |
|
Burlington Bees batting - Pitching for Hickory Crawdads : LHP Zachary DeVault
|
|
Batting: LHB Mutsuo IIda
|
0-0: Called Strike 0-1: Called Strike 0-2: Strikes out swinging
|
|
Batting: RHB Peter Westover
|
0-0: Swinging Strike 0-1: Foul Ball, location: 2F 0-2: Ground out 4-3 (Groundball, 4, EV 81.2 MPH)
|
|
Batting: RHB Ricky Mejicanos
|
0-0: Called Strike 0-1: Foul Ball, location: 2F 0-2: Ball 1-2: Ball 2-2: Foul Ball, location: 2F 2-2: SINGLE (Groundball, 56D, EV 103.1 MPH)
|
|
Batting: RHB Timoleon Tsikouna
|
0-0: Called Strike 0-1: Swinging Strike 0-2: Foul Ball, location: 2F 0-2: Ball 1-2: Fly out, F9 (Line Drive, 9, EV 88.1 MPH)
|
| Top of the 4th over - 0 runs, 1 hit, 0 errors, 1 left on base; Burlington 0 - Hickory 0 |
| BOTTOM OF THE 4TH |
|
Hickory Crawdads batting - Pitching for Burlington Bees : RHP Jon Trujillo
|
|
Batting: RHB Aaron Moore
|
0-0: Swinging Strike 0-1: Ball 1-1: Foul Ball, location: 2F 1-2: Foul Ball, location: 2F 1-2: Ground out U3 (Groundball, 3, EV 83.8 MPH)
|
|
Batting: RHB Jarrod Joyce
|
0-0: Swinging Strike 0-1: Ball 1-1: Foul Ball, location: 2F 1-2: Foul Ball, location: 2F 1-2: Strikes out swinging
|
|
Batting: LHB Tim Olsen
|
0-0: Foul Ball, location: 2F 0-1: Ground out 5-3 (Groundball, 5L, EV 101.9 MPH)
|
| Bottom of the 4th over - 0 runs, 0 hits, 0 errors, 0 left on base; Burlington 0 - Hickory 0 |
| TOP OF THE 5TH |
|
Burlington Bees batting - Pitching for Hickory Crawdads : LHP Zachary DeVault
|
|
Batting: RHB Dean LeCroy
|
0-0: Ground out 5-3 (Groundball, 56S, EV 86.2 MPH)
|
|
Batting: RHB Wilford Harper
|
0-0: Foul Ball, location: 2F 0-1: Foul Ball, location: 2F 0-2: Ball 1-2: Ball 2-2: Foul Ball, location: 2F 2-2: Ground out 5-3 (Groundball, 5, EV 87.5 MPH)
|
|
Batting: RHB Khalil Thurston
|
0-0: Called Strike 0-1: Foul Ball, location: 2F 0-2: DOUBLE (Line Drive, 89D, EV 109.4 MPH)
|
|
Batting: RHB Nick Lombardo
|
0-0: Fly out, F7 (Line Drive, 7S, EV 98.1 MPH)
|
| Top of the 5th over - 0 runs, 1 hit, 0 errors, 1 left on base; Burlington 0 - Hickory 0 |
| BOTTOM OF THE 5TH |
|
Hickory Crawdads batting - Pitching for Burlington Bees : RHP Jon Trujillo
|
|
Batting: SHB Todd Hewitt
|
0-0: SOLO HOME RUN (Flyball, 89XD, EV 105.0 MPH), Distance : 428 ft
|
|
Batting: LHB Brian Gray
|
0-0: Swinging Strike 0-1: Ball 1-1: Fly out, F4 (Popup, 23, EV 95.0 MPH)
|
|
Batting: SHB Reagan Dudley
|
0-0: Called Strike 0-1: Foul Ball, location: 2F 0-2: Ball 1-2: Ball 2-2: Ball 3-2: Ground out U3 (Groundball, 3, EV 88.8 MPH)
|
|
Batting: SHB Quido van Erp
|
0-0: Foul Ball, location: 2F 0-1: Ball 1-1: Ball 2-1: Ball 3-1: Base on Balls
|
|
Batting: LHB Caleb Domino
|
0-0: Ball Quido van Erp steals 2nd base 1-0: Foul Ball, location: 2F 1-1: Ground out U3 (Groundball, 3, EV 77.5 MPH)
|
| Bottom of the 5th over - 1 run, 1 hit, 0 errors, 1 left on base; Burlington 0 - Hickory 1 |
| TOP OF THE 6TH |
|
Burlington Bees batting - Pitching for Hickory Crawdads : LHP Zachary DeVault
|
|
Batting: LHB Dave Hicks
|
0-0: Foul Ball, location: 2F 0-1: Fly out, F9 (Flyball, 89M, EV 89.4 MPH)
|
|
Batting: LHB Mutsuo IIda
|
0-0: Swinging Strike 0-1: Ball 1-1: Ball 2-1: Swinging Strike 2-2: SINGLE (Groundball, 25, EV 64.4 MPH) (infield hit)
|
|
Batting: RHB Peter Westover
|
0-0: Ball 1-0: Foul Ball, location: 2F 1-1: Called Strike 1-2: Ball 2-2: Ball 3-2: Foul Ball, location: 2F 3-2: Fly out, F8 (Flyball, 8LM, EV 95.6 MPH)
|
|
Batting: RHB Ricky Mejicanos
|
0-0: Called Strike 0-1: Fly out, F7 (Flyball, 7LMF, EV 95.0 MPH)
|
| Top of the 6th over - 0 runs, 1 hit, 0 errors, 1 left on base; Burlington 0 - Hickory 1 |
| BOTTOM OF THE 6TH |
|
Hickory Crawdads batting - Pitching for Burlington Bees : RHP Jon Trujillo
|
|
Batting: RHB Dave Brabo
|
0-0: Ball 1-0: Ball 2-0: Ball 3-0: Base on Balls
|
|
Pitching: RHP In Bea
|
|
|
Batting: RHB Aaron Moore
|
0-0: Ball 1-0: Ball 2-0: Ball 3-0: Called Strike 3-1: Called Strike 3-2: Base on Balls Dave Brabo to second
|
|
Batting: RHB Jarrod Joyce
|
0-0: TRIPLE (Line Drive, 89XD, EV 105.0 MPH) Dave Brabo scores Aaron Moore scores
|
|
Batting: LHB Tim Olsen
|
0-0: Ball 1-0: Ball 2-0: Ball 3-0: Called Strike 3-1: Base on Balls
|
|
Batting: SHB Todd Hewitt
|
0-0: Foul Ball, location: 2F 0-1: Called Strike 0-2: Reached on error, E3 (Groundball, 3L, EV 83.8 MPH) Jarrod Joyce scores Tim Olsen to second
|
|
Batting: LHB Brian Gray
|
0-0: Called Strike 0-1: Ball 1-1: Ball 2-1: DOUBLE (Line Drive, 7LM, EV 112.5 MPH) Tim Olsen scores Todd Hewitt to third
|
|
Batting: SHB Reagan Dudley
|
0-0: Foul Ball, location: 2F 0-1: Foul Ball, location: 2F 0-2: Ball 1-2: Fly out, F7 (Flyball, 7, EV 90.6 MPH)
|
|
Batting: SHB Quido van Erp
|
0-0: Foul Ball, location: 2F 0-1: Ball 1-1: Ball 2-1: Swinging Strike 2-2: Ball 3-2: Strikes out looking
|
|
Batting: LHB Caleb Domino
|
0-0: Ball 1-0: Foul Ball, location: 2F 1-1: Ball 2-1: Ball 3-1: Called Strike 3-2: Ground out 4-3 (Groundball, 4M, EV 115.0 MPH)
|
| Bottom of the 6th over - 4 runs, 2 hits, 1 error, 2 left on base; Burlington 0 - Hickory 5 |
| TOP OF THE 7TH |
|
Burlington Bees batting - Pitching for Hickory Crawdads : LHP Zachary DeVault
|
|
Batting: RHB Timoleon Tsikouna
|
0-0: Called Strike 0-1: SINGLE (Line Drive, 78S, EV 91.9 MPH)
|
|
Batting: RHB Dean LeCroy
|
0-0: Ball 1-0: Swinging Strike 1-1: Swinging Strike 1-2: Ball 2-2: Ball 3-2: SINGLE (Groundball, 56D, EV 95.6 MPH) Timoleon Tsikouna to second
|
|
Batting: RHB Wilford Harper
|
0-0: Ball 1-0: Called Strike 1-1: Ball 2-1: Foul Ball, location: 2F 2-2: Ball 3-2: Fly out, F8 (Flyball, 8RD, EV 84.4 MPH)
|
|
Batting: RHB Khalil Thurston
|
0-0: Ball Timoleon Tsikouna steals 3rd base 1-0: Fly out, F9 (Flyball, 9, EV 93.8 MPH)
|
|
Batting: RHB Nick Lombardo
|
0-0: Ball 1-0: Ball 2-0: DOUBLE (Line Drive, 9LM, EV 97.5 MPH) Timoleon Tsikouna scores Dean LeCroy to third
|
|
Batting: LHB Dave Hicks
|
0-0: Swinging Strike 0-1: Ball 1-1: Ball 2-1: Called Strike 2-2: Foul Ball, location: 2F 2-2: Foul Ball, location: 2F 2-2: 3-RUN HOME RUN (Flyball, 7LD, EV 95.0 MPH), Distance : 354 ft
|
|
Batting: LHB Mutsuo IIda
|
0-0: Ground out 6-3 (Groundball, 6, EV 83.1 MPH)
|
| Top of the 7th over - 4 runs, 4 hits, 0 errors, 0 left on base; Burlington 4 - Hickory 5 |
| BOTTOM OF THE 7TH |
|
Hickory Crawdads batting - Pitching for Burlington Bees : RHP In Bea
|
|
Pitching: RHP Troy Ingram
|
|
|
Batting: RHB Dave Brabo
|
0-0: Swinging Strike 0-1: Ball 1-1: Foul Ball, location: 2F 1-2: Ground out U3 (Groundball, 34S, EV 79.4 MPH)
|
|
Batting: RHB Aaron Moore
|
0-0: Called Strike 0-1: Foul Ball, location: 2F 0-2: Strikes out swinging
|
|
Batting: RHB Jarrod Joyce
|
0-0: Called Strike 0-1: Fly out, F8 (Flyball, 8RD, EV 95.6 MPH)
|
| Bottom of the 7th over - 0 runs, 0 hits, 0 errors, 0 left on base; Burlington 4 - Hickory 5 |
| TOP OF THE 8TH |
|
Burlington Bees batting - Pitching for Hickory Crawdads : LHP Zachary DeVault
|
|
Pitching: RHP Miguel Arguello
|
|
|
Batting: RHB Peter Westover
|
0-0: Ball 1-0: Ball 2-0: Called Strike 2-1: Ground out 4-3 (Groundball, 34, EV 88.8 MPH)
|
|
Batting: RHB Ricky Mejicanos
|
0-0: Ball 1-0: Called Strike 1-1: Called Strike 1-2: Ball 2-2: Fly out, F8 (Flyball, 8LXD, EV 95.0 MPH)
|
|
Batting: RHB Timoleon Tsikouna
|
0-0: Foul Ball, location: 2F 0-1: Ball 1-1: SINGLE (Flyball, 5D, EV 84.4 MPH)
|
|
Batting: RHB Dean LeCroy
|
0-0: Swinging Strike 0-1: Called Strike 0-2: Ball 1-2: Foul Ball, location: 2F 1-2: Ball 2-2: Foul Ball, location: 2F 2-2: Foul Ball, location: 2F 2-2: Foul Ball, location: 2F Pickoff Throw to First - Error! E1 Timoleon Tsikouna to second 2-2: Ball 3-2: Ground out 4-3 (Groundball, 34D, EV 103.1 MPH)
|
| Top of the 8th over - 0 runs, 1 hit, 1 error, 1 left on base; Burlington 4 - Hickory 5 |
| BOTTOM OF THE 8TH |
|
Hickory Crawdads batting - Pitching for Burlington Bees : RHP Troy Ingram
|
|
Pitching: RHP Adam Hefner
|
|
|
Batting: LHB Tim Olsen
|
0-0: Called Strike 0-1: Foul Ball, location: 2F 0-2: Ball 1-2: Ground out U3 (Groundball, 34, EV 86.9 MPH)
|
|
Batting: SHB Todd Hewitt
|
0-0: Ground out U3 (Groundball, 3S, EV 90.6 MPH)
|
|
Batting: LHB Brian Gray
|
0-0: Called Strike 0-1: Called Strike 0-2: Ground out 2-3 (Groundball, 2L, EV 65.6 MPH)
|
| Bottom of the 8th over - 0 runs, 0 hits, 0 errors, 0 left on base; Burlington 4 - Hickory 5 |
| TOP OF THE 9TH |
|
Burlington Bees batting - Pitching for Hickory Crawdads : RHP Miguel Arguello
|
|
Pitching: RHP Johnny Munoz
|
|
|
Now at 2B: Zach Thomason
|
|
|
Batting: RHB Wilford Harper
|
0-0: Swinging Strike 0-1: Ball 1-1: Ball 2-1: Ground out 4-3 (Groundball, 34, EV 90.6 MPH)
|
|
Batting: LHB Edgar van der Meeren
|
0-0: Called Strike 0-1: Swinging Strike 0-2: Ball 1-2: Ball 2-2: Ball 3-2: Strikes out looking
|
|
Pinch Hitting: LHB Mario Anguiano
|
0-0: Ground out U3 (Groundball, 34S, EV 67.5 MPH)
|
| Top of the 9th over - 0 runs, 0 hits, 0 errors, 0 left on base; Burlington 4 - Hickory 5 |
|